 Dungeon Crawl Stone Soup version 0.31-a0-538-gbc85326fa9 (webtiles) character file.

Game seed: 6753139069296250844

156 Crownlay the Chopper (level 5, -4/46 HPs)
             Began as a Hill Orc Fighter on Aug 13, 2023.
             Was an Initiate of the Shining One.
             Slain by a bone dragon (7 damage)
             ... on level 1 of the Abyss.
             The game lasted 00:04:30 (2441 turns).

Crownlay the Chopper (Hill Orc Fighter)             Turns: 2441, Time: 00:04:31

Health: -4/46      AC:  9    Str: 21    XL:     5   Next: 37%
Magic:  5/5        EV:  9    Int:  8    God:    the Shining One [......]
Gold:   210        SH:  4    Dex: 10    Spells: 4/4 levels left

rFire   . . .        a - +0 war axe
rCold   . . .        c - +0 buckler
rNeg    . . .        b - +0 scale mail
rPois   .            (no helmet)
rElec   .            (no cloak)
rCorr   .            n - +0 pair of gloves
SInv    .            s - +0 pair of boots
Will    .....        e - amulet of the acrobat Stlth
                     (no ring)
HPRegen 0.27/turn    (no ring)
MPRegen 0.09/turn

%: acrobat
@: mighty, glowing
A: no striking features
a: Renounce Religion


You were on level 1 of the Abyss.
You worshipped the Shining One.
The Shining One was noncommittal.
You visited 1 branch of the dungeon, and saw 3 of its levels.
You visited the Abyss 1 time.

You collected 210 gold pieces.

Inventory:

Hand Weapons
 a - a +0 war axe (weapon)
Missiles
 p - 3 boomerangs (quivered)
Armour
 b - a +0 scale mail (worn)
 c - a +0 buckler (worn)
 n - a +0 pair of gloves (worn)
 s - a +0 pair of boots (worn)
Jewellery
 e - an amulet of the acrobat (around neck)
Talismans
 o - a beast talisman
Scrolls
 g - a scroll of fog {unknown}
 h - 2 scrolls of identify
 i - a scroll of fear {unknown}
 j - a scroll of amnesia {unknown}
 k - 4 scrolls of teleportation
 l - a scroll of immolation {unknown}
 m - a scroll of poison {unknown}
 r - a scroll of revelation {unknown}
Potions
 f - a potion of resistance {unknown}
 q - a potion of brilliance {unknown}
 t - a potion of heal wounds {unknown}
 u - a potion of ambrosia {unknown}


   Skills:
 - Level 4.0 Fighting
 * Level 5.7 Axes
 + Level 0.6 Throwing
 - Level 3.2 Armour
 + Level 4.4 Shields


You had 4 spell levels left.
You didn't know any spells.
Your spell library was empty.

Dungeon Overview and Level Annotations

Branches:
Dungeon (3/15)

Altars:
Hepliaklqana
Kikubaaqudgha
Sif Muna
Trog
Vehumet
The Shining One


Message History

You are cast into the Abyss!
This branch contains the abyssal rune of Zot.
There is an empty arch of ancient stone here.
A bone dragon comes into view.
There is an empty arch of ancient stone here.
Okay, then.
Welcome back, Crownlay the Hill Orc Fighter.
The Shining One says: Lead the forces of light to victory!
Press ? for a list of commands and other information.
Okay, then.
Okay, then.
You feel very mighty all of a sudden.
You throw a boomerang.
The boomerang hits the small abomination but does no damage.
You closely miss the small abomination.
You block the small abomination's attack.
The small abomination hits you but does no damage.
You slash the small abomination!
The small abomination is moderately damaged.
The small abomination closely misses you.
The small abomination hits you but does no damage.
You barely miss the small abomination.
The small abomination is moderately damaged.
The small abomination hits you.
You closely miss the small abomination.
The small abomination is moderately damaged.
You slash the bone dragon! The small abomination hits you!
The bone dragon bites you.
* * * LOW HITPOINT WARNING * * *
The bone dragon claws you but does no damage.
The bone dragon tramples you!
* * * LOW HITPOINT WARNING * * *
You hold your ground!
The small abomination barely misses you.
Okay, then.
As you read the scroll labelled TISCHU OGEAC, it crumbles to dust.
It is a scroll of identify.
k - 4 scrolls of teleportation The bone dragon bites you!
You die...

# # #. #..#.
.#... .#.. #..##
## # ... . . #.##
###.# ..
#@###.#.#.#####..
###Dx###..#
...#..##
.....#.#. .## ..
. #.#.#..#
#...##..
...####..#.#.##.
#.#
..##..#x..##.#
... .... .... ..
# .#
..#.#..#...D.....
..#. .#....##.#.
.


You could see a bone dragon and a small abomination.

Vanquished Creatures
  4 adders
  3 gnolls (D:2)
  6 dart slugs
  4 orcs (D:3)
  4 bats
  8 endoplasms
  3 giant cockroaches
  4 hobgoblins
  4 jackals (D:3)
  2 kobolds (D:1)
  2 quokkas
  8 ball pythons
  2 frilled lizards
  8 goblins
  8 rats
70 creatures vanquished.

Notes
Turn   | Place    | Note
-------+----------+-------------------------------------------
     0 | D:1      | Crownlay the Hill Orc Fighter began the quest for the Orb.
     0 | D:1      | Reached XP level 1. HP: 19/19 MP: 1/1
    61 | D:1      | Reached skill level 3 in Axes
   106 | D:1      | Reached XP level 2. HP: 20/27 MP: 2/2
   422 | D:1      | Reached XP level 3. HP: 33/33 MP: 3/3
   584 | D:1      | Reached skill level 4 in Axes
  1005 | D:2      | Reached XP level 4. HP: 34/40 MP: 4/4
  1173 | D:2      | Found an ancient bone altar of Kikubaaqudgha.
  1443 | D:2      | Reached skill level 5 in Axes
  1784 | D:2      | Reached XP level 5. HP: 39/46 MP: 5/5
  2319 | D:3      | Found a glowing golden altar of the Shining One.
  2329 | D:3      | Found a radiant altar of Vehumet.
  2331 | D:3      | Became a worshipper of the Shining One
  2347 | D:3      | Found a hazy altar of Hepliaklqana.
  2347 | D:3      | Found a shimmering blue altar of Sif Muna.
  2370 | D:3      | Found a bloodstained altar of Trog.
  2383 | Abyss:1  | Cast into level 1 of the Abyss (orc)
  2396 | Abyss:1  | Noticed a bone dragon
  2424 | Abyss:1  | Noticed a small abomination
  2440 | Abyss:1  | HP: 2/46 [bone dragon (7)]
  2441 | Abyss:1  | Slain by a bone dragon

Illustrated notes

Levels and vault maps discovered:
D:1:      minmay_arrival_semitransparent, layout_basic
D:2:      layout_loops_corners, basic_altar, serial_bayou_ford_a
D:3:      layout_basic, nicolae_overflow_hallway_of_the_gods
Abyss:1:  base: Temple, base:
Temple

Skill      XL: |  1  2  3  4 |
---------------+-------------+-----
Axes           | 3 4 5 |  5.7
Fighting       | 4 |  4.0
Shields        | 4 |  4.4
Throwing       | |  0.6
Armour         | |  3.2

Action                     |  1- 3 |  4- 6 || total
---------------------------+-------+-------++-------
  Melee: War axe           |   109 |   115 ||   224
  Throw: Boomerang         |       |    12 ||    12
    Use: Scroll            |       |     1 ||     1
         Potion            |       |     1 ||     1
 Armour: Scale mail        |    62 |    53 ||   115
  Dodge: Dodged            |    49 |    57 ||   106
  Block: Buckler           |    27 |    28 ||    55

Table legend: (Time is in decaauts)
 A = Elapsed time spent in this place.
 B = Non-inter-level travel time spent in this place.
 C = Inter-level travel time spent in this place.
 D = Time resting spent in this place.
 E = Time spent auto-exploring this place.
 F = Levels seen in this place.
 G = Mean time per level.
                   A        B        C        D        E       F      G
               +--------+--------+--------+--------+--------+-----+--------+
         Total |   2520 |   2452 |     68 |      0 |   1868 |   4 |  630.0 |
       Dungeon |   2461 |   2393 |     68 |      0 |   1868 |   3 |  820.3 |
         Abyss |     59 |     59 |      0 |      0 |      0 |   1 |   59.0 |
               +--------+--------+--------+--------+--------+-----+--------+

Top non-repeatable levels by time:
     D:2: 1151 daAuts
     D:1: 847 daAuts
     D:3: 463 daAuts
 Abyss:1: 59 daAuts
